 Dungeon Crawl Stone Soup version 0.16-a0-3134-g9b1347a (webtiles) character file.

25 Kemay the Insei (level 3, -3/23 HPs)
             Began as an Octopode Transmuter on Dec 14, 2014.
             Slain by a hobgoblin
             ... wielding a +0 club
             ... led by Robin
              (4 damage)
             ... on level 1 of the Dungeon.
             The game lasted 00:03:27 (1318 turns).

Kemay the Insei (Octopode Transmuter)               Turns: 1318, Time: 00:03:27

Health: -3/23      AC:  1    Str:  9    XL:     3   Next: 6%
Magic:  5/6        EV: 12    Int: 16    God:
Gold:   52         SH:  0    Dex: 12    Spells: 1 memorised, 5 levels left

rFire  . . .     SeeInvis .       - Unarmed
rCold  . . .     Clarity  .     (no shield)
rNeg   . . .     SustAb   .     (helmet restricted)
rPois  .         Gourm    .     (no amulet)
rElec  .         Spirit   .     k - ring of flight
rCorr  .         Warding  .     (no ring)
rMut   .         Stasis   .     (no ring)
MR     .....                    (no ring)
Stlth  ++........               (no ring)
                                (no ring)
                                (no ring)
                                (no ring)

@: appendage, not resistant to hostile enchantments, unstealthy
A: almost no armour, amphibious, 8 rings, constrict 8, tentacle spike 3,
camouflage 1, gelatinous body 1
a: End Transformation, Evoke Flight


You were on level 1 of the Dungeon.
You were hungry.
One of your tentacles had a temporary spike.
You visited 1 branch of the dungeon, and saw 2 of its levels.

You collected 52 gold pieces.

Inventory:

Missiles
 b - 12 arrows
Jewellery
 k - a ring of flight (left tentacle)
Potions
 e - a potion of curing
 i - a potion of heal wounds {unknown}
 j - 2 potions of agility {unknown}
Books
 d - a book of Changes

   Spells                             Type                      Level
   a - Beastly Appendage              Transmutation                1
   b - Sticks to Snakes               Transmutation                2
   c - Spider Form                    Transmutation/Poison         3
   d - Ice Form                       Ice/Transmutation            4
   e - Blade Hands                    Transmutation                5
Comestibles
 a - a bread ration
 c - 4 fruits
 f - a royal jelly
 h - a beef jerky


   Skills:
 - Level 1.0 Fighting
 - Level 2.0 Dodging
 + Level 4.1 Unarmed Combat
 - Level 2.0 Spellcasting
 - Level 2.0 Transmutations


You had 5 spell levels left.
You knew the following spells:

 Your Spells              Type           Power        Failure   Level  Hunger
a - Beastly Appendage     Trmt           #.....       10%         1    #......


Dungeon Overview and Level Annotations

Branches:
Dungeon (2/15)

Altars:

Annotations:
D:2 Robin


Innate Abilities, Weirdness & Mutations

You cannot wear most types of armour.
You are amphibious.
You can wear up to eight rings at the same time.
You can use your tentacles to constrict many enemies at once.
Your skin changes colour to match your surroundings (Stealth).
Your rubbery body absorbs attacks (AC +1).
One of your tentacles bears a large vicious spike.


Message History

The hobgoblin hits you with a club.
* * * LOW HITPOINT WARNING * * *
You tentacle-slap the goblin but do no damage.
Your grab misses the goblin.
Your tentacle spike misses the goblin.
The hobgoblin closely misses you.
You tentacle-slap the goblin.
You kill the goblin!
The hobgoblin misses you. x2
The hobgoblin hits you with a club.
* * * LOW HITPOINT WARNING * * *
Things that are here:
a goblin corpse x2
Your tentacle spike disappears.
Casting: Beastly Appendage
Confirm with . or Enter, or press ? or * to list all spells.
One of your tentacles grows a vicious spike.
You completely miss the hobgoblin. You grab the hobgoblin.
You pierce the hobgoblin, but do no damage.
You constrict the hobgoblin. The hobgoblin hits you with a club.
You die...

#.####.####....##...##
#.#.......')...'......
##...##.####....#######
#..#.##.####)...#
#..#.##.....#####
#..#.######.#
#.........#.#
#.##g####.#.###########
#...gg@......).........
#.####....#.###########
#.####......#
#....'......#
######.....## #.....#
#.....#### #........#
########.# #


You could see 3 hobgoblins.

Vanquished Creatures
  An ooze (D:1)
  2 giant cockroaches (D:1)
  3 hobgoblins (D:1)
  4 kobolds
  A ball python (D:1)
  2 bats (D:1)
  A giant newt (D:1)
  7 goblins (D:1)
  3 rats (D:1)
24 creatures vanquished.

Notes
Turn   | Place    | Note
--------------------------------------------------------------
     0 | D:1      | Kemay, the Octopode Transmuter, began the quest for the Orb.
     0 | D:1      | Reached XP level 1. HP: 13/13 MP: 3/3
   417 | D:1      | Reached XP level 2. HP: 18/18 MP: 2/4
   852 | D:1      | Reached skill level 4 in Unarmed Combat
  1201 | D:2      | Noticed Robin
  1212 | D:2      | Reached XP level 3. HP: 15/23 MP: 6/6
  1315 | D:1      | HP: 1/23 [hobgoblin/club[Robin] (6)]
  1318 | D:1      | Slain by a hobgoblin

Action                   || total
-------------------------++-------
Melee: Unarmed           ||    57
 Cast: Beastly Appendage ||    18
 Abil: End Transformatio ||     5
  Use: Scroll            ||     2
 Stab: Sleeping          ||     1
  Eat: Chunk             ||     1
